AoeStats
← VaporingCat7235

Arabia

510061164Analyzed
1v1 RM · 2d ago on Sep 29, 2026· 24m 42s· 2 players
Game mode
Random Map
Map size
Tiny (2 player)
Population
200
Speed
Normal
Resources
Standard
Victory
Conquest
Starting age
Dark Age
Ending age
Imperial Age
RankedLock teamsTeams togetherTeam positionsShared explorationLock speedFull tech treeHidden civsTurbo modeCheats
Victory
Defeat
🇮🇳 Chinese · India
855
+52
🇪🇸 Franks · Spain
911
-54
iqks3264
11:48 Feudal Age
12:28 Double-Bit Axe
14:52 Wheelbarrow
14:29 Horse Collar
15:34 Loom
15:54 Man-at-Arms
16:42 Gold Mining
16:43 Stone Mining
VaporingCat7235
13:36 Feudal Age
17:22 Loom
25:05 Castle Age
Connection lost

Rejoining the realm…

Still unreachable

The connection could not be restored.

Session expired

The server has moved on; the page needs a fresh start.